 Dungeon Crawl Stone Soup version 0.26-a0-1033-gd598b01645 (webtiles) character file.

Game seed: 10092080127104264713

143 Morbidden the Slasher (level 5, -6/41 HPs)
             Began as a Demonspawn Fighter on Dec 10, 2020.
             Killed by nerve-wracking pain
             ... invoked by an orc priest
              (11 damage)
             ... on level 3 of the Dungeon.
             The game lasted 00:02:04 (2212 turns).

Morbidden the Slasher (Demonspawn Fighter)          Turns: 2212, Time: 00:02:04

Health: -6/41      AC:  8    Str: 16    XL:     5   Next: 4%
Magic:  5/5        EV:  7    Int: 11    God:
Gold:   129        SH:  9    Dex: 12    Spells: 4/4 levels left

rFire    + . .     SeeInvis .   a - +0 long sword
rCold    x . .     Faith    .   c - +0 kite shield
rNeg     . . .     Spirit   .   b - +0 scale mail
rPois    .         Reflect  .   o - +2 hat
rElec    .         Harm     .   (no cloak)
rCorr    .         Rampage  .   (no gloves)
Will     .....                  (no boots)
Stlth    ..........             (no amulet)
HPRegen  0.13/turn              t - ring of fire
MPRegen  0.09/turn              w - ring of flight

@: slowed, very slow
A: claws 1, powered by pain 1
a: Evoke Flight


You were on level 3 of the Dungeon.
You visited 1 branch of the dungeon, and saw 3 of its levels.

You collected 129 gold pieces.

Inventory:

Hand Weapons
 a - a +0 long sword (weapon)
Missiles
 i - 22 poisoned darts (quivered)
Armour
 b - a +0 scale mail (worn)
 c - a +0 kite shield (worn)
 o - a +2 hat (worn)
Jewellery
 t - a ring of fire (left claw)
 w - a ring of flight (right claw)
Scrolls
 g - a scroll of blinking {unknown}
 k - 3 scrolls of random uselessness {unknown}
 l - a scroll of teleportation {unknown}
 m - 6 scrolls of identify {unknown}
 n - 3 scrolls of amnesia {unknown}
 q - a scroll of immolation {unknown}
 r - 3 scrolls of remove curse {unknown}
 s - a scroll of noise {unknown}
 u - a scroll of fear {unknown}
Potions
 d - a potion of might
 e - a potion of curing {unknown}
 f - a potion of heal wounds {unknown}
 h - 2 potions of flight {unknown}
 j - a potion of haste {unknown}
 p - a potion of brilliance {unknown}
 v - a potion of mutation {unknown}


   Skills:
 * Level 3.6 Fighting
 * Level 3.7 Long Blades
 + Level 2.9 Armour
 + Level 0.2 Dodging
 + Level 0.3 Stealth
 + Level 3.2 Shields


You had 4 spell levels left.
You didn't know any spells.
Your spell library was empty.

Dungeon Overview and Level Annotations

Branches:
Dungeon (3/15)

Altars:


Innate Abilities, Weirdness & Mutations

You have sharp fingernails.
You sometimes gain a little power by taking damage.


Message History

You block the orc's attack. The kobold hits you but does no damage.
You hit the kobold.
The kobold is severely wounded.
You block the kobold's attack. The orc barely misses you.
You block the kobold's attack. You block the orc priest's attack.
You hit the kobold.
You kill the kobold!
The orc wizard casts a spell at you. The magic dart hits you.
The orc throws a stone.
You block the stone.
The orc priest mumbles some strange prayers to Beogh against you.
Beogh smites you!
* * * LOW HITPOINT WARNING * * *
You block the orc's attack.
The orc throws a stone.
The stone completely misses you.
The orc wizard mumbles some strange words.
The orc wizard blinks!
You block the orc priest's attack.
You barely miss the orc priest. You block the orc's attack.
The orc priest invokes the aid of Beogh against you.
Pain shoots through your body!
You die...

##.... ..... .... ... .. ## #.
...###.## #......"####
#.....o(@.(# ##....o#oo#.# # ##
.......#....##.# ##
.########...#####.....# ########.
........#.....#....######.......#
).#####.#.....#..#.# ##...#####.
..#### #......[†..# #.....# ##
.....# #####.).#### ##...##
#.##.# # #...##### #..##


You could see an orc priest, an orc wizard (fast) and 2 orcs.

Vanquished Creatures
  Jessica (D:2)
  An orc wizard (D:3)
  5 adders
  A dart slug (D:2)
  2 leopard geckos
  6 orcs (D:3)
  2 giant cockroaches
  3 goblins
  2 hobgoblins
  4 kobolds
  A ball python (D:1)
  4 bats
  3 frilled lizards
  8 rats
43 creatures vanquished.

Notes
Turn   | Place    | Note
-------+----------+-------------------------------------------
     0 | D:1      | Morbidden the Demonspawn Fighter began the quest for the
                  | Orb.
     0 | D:1      | Reached XP level 1. HP: 18/18 MP: 1/1
   419 | D:1      | Gained mutation: You sometimes gain a little power by
                  | taking damage. [demonic ancestry]
   419 | D:1      | Reached XP level 2. HP: 24/24 MP: 2/2
  1012 | D:2      | Reached XP level 3. HP: 21/29 MP: 3/3
  1126 | D:2      | Noticed Jessica
  1132 | D:2      | Killed Jessica
  1362 | D:2      | Reached XP level 4. HP: 25/35 MP: 4/4
  2089 | D:3      | Gained mutation: You have sharp fingernails. [demonic
                  | ancestry]
  2089 | D:3      | Reached XP level 5. HP: 30/41 MP: 5/5
  2212 | D:3      | Killed from afar by an orc priest

Illustrated notes

Levels and vault maps discovered:
D:1:      lightli_arrival_isolated_outpost, layout_loops_ring
D:2:      layout_basic, uniq_jessica
D:3:      layout_loops_cross

Skill      XL: |  1  2  3 |
---------------+----------+-----
Shields        | 3 |  3.2
Long Blades    | 2 3 |  3.7
Fighting       | |  3.6
Armour         | |  2.9
Dodging        | |  0.2
Stealth        | |  0.3

Action                   |  1- 3 |  4- 6 || total
-------------------------+-------+-------++-------
Melee: Long sword        |    84 |    70 ||   154
Throw: Dart              |     3 |       ||     3
Armor: Scale mail        |    38 |    44 ||    82
Dodge: Dodged            |    23 |    20 ||    43
Block: Kite shield       |    51 |    42 ||    93
       Rpst.: Long sword |     8 |     4 ||    12

Table legend: (Time is in decaauts)
 A = Elapsed time spent in this place.
 B = Non-inter-level travel time spent in this place.
 C = Inter-level travel time spent in this place.
 D = Time resting spent in this place.
 E = Time spent auto-exploring this place.
 F = Levels seen in this place.
 G = Mean time per level.
                   A        B        C        D        E       F      G
               +--------+--------+--------+--------+--------+-----+--------+
         Total |   2274 |   2240 |     34 |      0 |   1800 |   3 |  758.0 |
       Dungeon |   2274 |   2240 |     34 |      0 |   1800 |   3 |  758.0 |
               +--------+--------+--------+--------+--------+-----+--------+

Top non-repeatable levels by time:
     D:2: 871 daAuts
     D:1: 718 daAuts
     D:3: 684 daAuts
